 Dungeon Crawl Stone Soup version 0.17.0-22-g5edae84 (console) character file.

231 jw the Chopper (level 6, -1/43 HPs)
             Began as an Octopode Berserker on Nov 12, 2015.
             Was a Believer of Trog.
             Slain by a wight
             ... wielding a +0 spear
              (6 damage)
             ... on level 4 of the Dungeon.
             The game lasted 00:07:49 (3841 turns).

jw the Chopper (Octopode Berserker)                 Turns: 3841, Time: 00:07:49

Health: -1/43      AC:  1    Str: 16    XL:     6   Next: 3%
Magic:  6/6        EV: 12    Int: 10    God:    Trog [**....]
Gold:   82         SH:  0    Dex: 13    Spells: 0 memorised, 5 levels left

rFire  . . .     SeeInvis .     a - +0 hand axe
rCold  . . .     Clarity  .     (no shield)
rNeg   . . .     SustAt   .     (helmet restricted)
rPois  .         Gourm    .     (no amulet)
rElec  .         Spirit   .     (no ring)
rCorr  .         Warding  .     (no ring)
rMut   .         Stasis   .     (no ring)
MR     ++...                    (no ring)
Stlth  ++........               (no ring)
                                (no ring)
                                (no ring)
                                (no ring)

@: regenerating, drained, very resistant to hostile enchantments, unstealthy
A: almost no armour, amphibious, 8 rings, constrict 8, camouflage 1, gelatinous
body 1
a: Berserk, Trog's Hand, Burn Spellbooks, Renounce Religion


You were on level 4 of the Dungeon.
You worshipped Trog.
Trog was pleased with you.
You were very hungry.

You visited 1 branch of the dungeon, and saw 4 of its levels.

You collected 82 gold pieces.

Inventory:

Hand Weapons
 a - a +0 hand axe (weapon)
Missiles
 c - 20 stones (quivered)
 d - 10 poisoned needles
Comestibles
 b - 3 bread rations


   Skills:
 + Level 4.2(3.2) Fighting
 * Level 5.0(4.1) Axes
 + Level 2.5(1.6) Throwing
 - Level 3.0(2.1) Dodging


You had 5 spell levels left.
You didn't know any spells.

Dungeon Overview and Level Annotations

Branches:
Dungeon (4/15)
 Temple: D:4-7

Altars:
Fedhas
Makhleb

Annotations:
D:3 exclusion: downstairs


Innate Abilities, Weirdness & Mutations

You cannot wear most types of armour.
You are amphibious.
You can wear up to eight rings at the same time.
You can use your tentacles to constrict eight enemies at once.
Your skin changes colour to match your surroundings (Stealth).
Your rubbery body absorbs attacks (AC +1).


Message History

Unknown command.
Unknown command.
Unknown command.
Unknown command.
ATTACK MOVE TO (1,1)
You closely miss the wight. Your grab misses the wight.
You squeeze the wight, but do no damage.
The wight hits you with a spear.
Unknown command.
Unknown command.
Unknown command.
Unknown command.
MOVING TO (-6,-1)
The wight hits you from afar with a spear.
Unknown command.
Unknown command.
Unknown command.
ATTACK MOVE TO (1,0)
The wight hits you with a spear.
You die...

..# #.# #.#
####.#
#.####.....
####.#<...###.#
+..............
###...........#
#..##########
#..).....x.#
#.########z# #.
.......<.# ##
##########


You could see a wight.

Table legend:
 A = Turns spent in this place as a percentage of turns spent in the entire game.
 B = Non-inter-level travel turns spent in this place as a percentage of non-inter-level travel turns spent in the entire game.
 C = Inter-level travel turns spent in this place as a percentage of turns spent in this place.
 D = Turns resting spent in this place as a percentage of non-inter-level travel turns spent in this place.
 E = Turns spent auto-exploring this place as a percentage of non-inter-level travel turns spent in this place.
 F = Non-inter-level travel turns spent in this place divided by the number of levels of this place that you've seen.
                   A       B       C       D       E      F
               +-------+-------+-------+-------+-------+----------------------
         Total | 100.0 | 100.0 |   0.8 |   0.8 |   2.7 | 994.2
       Dungeon | 100.0 | 100.0 |   0.8 |   0.8 |   2.7 | 994.2
               +-------+-------+-------+-------+-------+----------------------

Table legend:
 A = Kills in this place as a percentage of kills in entire the game.
 B = Kills by you in this place as a percentage of kills by you in the entire game.
 C = Kills by friends in this place as a percentage of kills by friends in the entire game.
 D = Other kills in this place as a percentage of other kills in the entire game.
 E = Experience gained in this place as a percentage of experience gained in the entire game.
 F = Experience gained in this place divided by the number of levels of this place that you have seen.
                   A       B       C       D       E      F
               +-------+-------+-------+-------+-------+----------------------
         Total | 100.0 | 100.0 |  -nan |  -nan | 100.0 |  82.5
       Dungeon | 100.0 | 100.0 |  -nan |  -nan | 100.0 |  82.5
               +-------+-------+-------+-------+-------+----------------------

Vanquished Creatures
  A wight (D:4)
  The ghost of gw the Ducker, a weakling FeAK of Lugonu (D:3)
  Terence (D:3)
  7 adders
  An ooze (D:1)
  2 worms (D:2)
  4 giant geckos
  8 bats
  5 giant cockroaches
  9 hobgoblins
  A ball python (D:2)
  6 giant newts
  3 goblins (D:2)
  3 kobolds
  5 rats
57 creatures vanquished.

Notes
Turn   | Place    | Note
--------------------------------------------------------------
     0 | D:1      | jw the Octopode Berserker began the quest for the Orb.
     0 | D:1      | Reached XP level 1. HP: 16/16 MP: 1/1
    74 | D:1      | Reached XP level 2. HP: 15/21 MP: 2/2
   362 | D:1      | Reached skill level 1 in Throwing
   860 | D:2      | Reached XP level 3. HP: 21/26 MP: 3/3
  1154 | D:2      | Reached ** piety under Trog
  1552 | D:2      | Reached XP level 4. HP: 32/32 MP: 4/4
  1605 | D:2      | Reached skill level 4 in Axes
  2053 | D:2      | Found a burning altar of Makhleb.
  2053 | D:2      | Found a blossoming altar of Fedhas.
  2573 | D:3      | Noticed Terence
  2580 | D:3      | Killed Terence
  2580 | D:3      | Reached XP level 5. HP: 26/37 MP: 5/5
  2797 | D:3      | Noticed gw's ghost (weakling FeAK)
  2801 | D:3      | Killed gw's ghost
  3638 | D:4      | Noticed an ogre
  3698 | D:4      | Reached skill level 5 in Axes
  3698 | D:4      | Reached XP level 6. HP: 37/43 MP: 6/6
  3841 | D:4      | Slain by a wight

Action                   |  1- 3 |  4- 6 || total
-------------------------+-------+-------++-------
Melee: Hand axe          |    56 |    48 ||   104
Throw: Stone             |    71 |    79 ||   150
Invok: Berserk           |     1 |     1 ||     2
       Trog's Hand       |       |     2 ||     2
 Stab: Sleeping          |       |     1 ||     1
  Eat: Chunk             |     3 |     7 ||    10

Vault maps used:
D:1:      denvon_arrival_planthouse
D:2:      gammafunk_temple_overflow_statue
D:3:      uniq_terence
D:4:      first_bread, amalloy_card_club
